Map: Pride of Altaris LE

Players

AGOElazer (Elazer) - Winner!

  • Race: Zerg Zerg
  • League: Master

Lambo

  • Race: Zerg Zerg
  • League: Grandmaster

Event: DreamHack SC2 Masters Last Chance 2022

VOD

Have the link to the VOD?

Description

Time

  • Played on: Dec. 17, 2021, 2:39 p.m.
  • Length: 5:17

All games in this series

Show
View Real Time Build Order
Export as new Build Order

AGOElazer Zerg - Winner!

Build Orders: Hatch First, Roach Nydus 

Get SALT Encoding   

  12  0:00  Drone  
  13  0:11  Overlord  
  13  0:16  Drone  
  14  0:30  Drone x2  
  16  0:47  Hatchery  
  15  0:50  Drone  
  15  0:53  Drone  
  17  0:57  Drone  
  18  1:07  Extractor  
  17  1:12  Spawning Pool  
  17  1:15  Drone  
  17  1:19  Drone  
  18  1:27  Drone  
  19  1:38  Drone  
  20  1:48  Drone  
  21  1:59  Queen x2  
  21  2:00  Drone  
  26  2:03  Overlord  
  26  2:10  Drone x2  
  28  2:22  Drone x2  
  30  2:32  Drone x2  
  30  2:34  Queen  
  30  2:35  Lair  
  34  2:43  Drone  
  35  2:45  Overlord  
  35  2:48  Evolution Chamber  
  34  2:54  Drone x2  
  36  3:02  Roach Warren  
  36  3:04  Drone x2  
  37  3:08  Drone x4  
  41  3:17  Overlord  
  41  3:20  Extractor  
  41  3:22  Extractor  
  41  3:24  Overlord  
  39  3:30  Evolution Chamber, Queen  
  40  3:47  Nydus Network  
  39  3:51  Overlord  
  39  3:58  Roach x6  
  51  4:03  Roach  
  51  4:06  Overlord  
  53  4:13  Roach x2  
  57  4:25  Nydus Canal  
  57  4:28  Queen, Roach  
  63  4:31  Roach  
  63  4:41  Roach  
  63  4:43  Roach x3  
  71  4:52  Nydus Canal  
Show
View Real Time Build Order
Export as new Build Order

Lambo Zerg 

Build Orders: Hatch First 

Get SALT Encoding   

  12  0:00  Drone  
  13  0:12  Overlord  
  13  0:16  Drone  
  14  0:30  Drone x2  
  14  0:35  Drone  
  17  0:51  Hatchery  
  17  0:55  Drone  
  17  0:58  Drone  
  18  1:09  Extractor  
  17  1:11  Spawning Pool  
  17  1:15  Drone  
  17  1:18  Drone  
  18  1:28  Drone  
  19  1:39  Drone  
  20  1:54  Overlord  
  20  1:59  Queen  
  22  2:03  Queen  
  22  2:04  Drone  
  22  2:05  Zergling x2  
  26  2:11  Metabolic Boost  
  26  2:14  Drone  
  27  2:20  Drone  
  28  2:26  Drone  
  28  2:27  Drone  
  28  2:29  Baneling Nest  
  29  2:34  Drone  
  30  2:40  Drone  
  31  2:46  Hatchery  
  31  2:49  Drone  
  31  2:52  Overlord  
  31  2:55  Zergling x2  
  31  2:57  Zergling x2  
  33  3:05  Drone  
  34  3:08  Drone x2  
  34  3:10  Drone  
  34  3:11  Drone x3  
  40  3:14  Roach Warren  
  40  3:15  Drone  
  40  3:21  Evolution Chamber  
  40  3:22  Drone x2  
  41  3:31  Extractor, Queen  
  41  3:33  Zergling x4  
  44  3:40  Overlord  
  44  3:43  Overlord  
  43  3:50  Lair  
  43  3:51  Overlord  
  43  3:59  Drone x6  
  48  4:03  Drone  
  48  4:06  Drone  
  50  4:15  Extractor, Drone  
  50  4:16  Drone  
  51  4:20  Roach x5  
  51  4:21  Zergling x6  
  64  4:26  Spine Crawler, Overlord  
  64  4:30  Overlord  
  63  4:31  Roach  
  63  4:36  Roach  
  66  4:42  Roach x2  
  70  4:47  Roach x2  
  70  4:50  Zergling x2, Roach  
  70  4:52  Zergling x2  
  76  4:55  Zergling x10, Roach x2  

Tags
 
Add a new tag
Caveats
  • Supply blocks, unpowered buildings, or Contaminate may cause inaccurate times.
  • Supply counts are checked every 10 seconds.